 Dungeon Crawl Stone Soup version 0.28.0 (webtiles) character file.

Game seed: 12369029712331916272

193 Deca the Ruffian (level 5, -29/34 HPs)
             Began as a Gargoyle Monk on Feb 13, 2022.
             Was a Priest of Lugonu.
             Killed by an exploding black bear (38 damage)
             ... ignited by their inner flame
             ... on level 4 of the Dungeon.
             The game lasted 00:12:31 (4514 turns).

Deca the Ruffian (Gargoyle Monk)                    Turns: 4514, Time: 00:12:31

Health: -29/34     AC:  7    Str: 16    XL:     5   Next: 72%
Magic:  5/5        EV: 12    Int: 11    God:    Lugonu [***...]
Gold:   131        SH:  0    Dex: 12    Spells: 4/4 levels left

rFire   . . .      SeeInvis .     - Unarmed
rCold   . . .      Faith    .   (no shield)
rNeg    + . .      Spirit   .   j - +0 leather armour
rPois   ∞          Reflect  .   (no helmet)
rElec   +          Harm     .   e - scarf {+Inv}
rCorr   .          Rampage  .   (no gloves)
Will    .....                   (no boots)
Stlth   ++........              (no amulet)
HPRegen 0.11/turn               (no ring)
MPRegen 0.09/turn               (no ring)

@: mighty
A: sickness immunity, AC +4, negative energy resistance 1, electricity
resistance, torment resistance 1, petrification resistance
a: Renounce Religion, Evoke Invisibility, Depart the Abyss, Bend Space, Banish


You were on level 4 of the Dungeon.
You worshipped Lugonu.
Lugonu was most pleased with you.
You visited 1 branch of the dungeon, and saw 4 of its levels.

You collected 131 gold pieces.

Inventory:

Armour
 e - a scarf of invisibility (worn)
 j - a +0 leather armour (worn)
Jewellery
 l - an amulet of faith
Scrolls
 d - a scroll of vulnerability {unknown}
 f - 2 scrolls of identify {unknown}
 g - a scroll of amnesia {unknown}
 h - a scroll of teleportation {unknown}
 i - 2 scrolls of enchant weapon {unknown}
 k - a scroll of blinking {unknown}
 n - a scroll of fear {unknown}
Potions
 a - a potion of might
 b - 2 potions of curing {unknown}
 m - 2 potions of degeneration {unknown}


   Skills:
 + Level 4.4 Fighting
 + Level 2.0 Armour
 - Level 2.8 Dodging
 - Level 2.1 Stealth
 * Level 4.8 Unarmed Combat


You had 4 spell levels left.
You didn't know any spells.
Your spell library contained the following spells:

 Spells                   Type           Power      Damage    Failure   Level
 Beastly Appendage        Tmut           0%         N/A       41%         1
 Shock                    Conj/Air       0%         1d3       41%         1
 Slow                     Hex            0%         N/A       41%         1
 Sting                    Tmut/Pois      0%         1d3       41%         1
 Summon Small Mammal      Summ           0%         N/A       41%         1
 Static Discharge         Conj/Air       0%         N/A       54%         2
 Call Canine Familiar     Summ           0%         N/A       78%         3
 Confusing Touch          Hex            0%         N/A       78%         3
 Summon Guardian Golem    Hex/Summ       0%         N/A       78%         3
 Vampiric Draining        Necr           0%         2d6       78%         3
 Dispel Undead            Necr           0%         3d6       99%         4
 Sticky Flame             Conj/Fire      0%         2d3       99%         4


Dungeon Overview and Level Annotations

Branches:
Dungeon (4/15)
 Temple: D:4-7

Altars:
Sif Muna
Lugonu


Innate Abilities, Weirdness & Mutations

You are immune to sickness and miasma.
Your stone body is resilient. (AC +4)
You are immune to poison.
You resist negative energy. (rN+)
You are resistant to electric shocks. (rElec)
You are resistant to unholy torment.
You are immune to petrification.


Message History

It was a potion of might.
You feel very mighty all of a sudden.
You punch the black bear!
The black bear is heavily wounded.
The black bear barely misses you.
The black bear claws you but does no damage.
The black bear misses you.
You punch the black bear!
The black bear is severely wounded.
The black bear goes berserk!
You barely miss the black bear.
The black bear is severely wounded.
The black bear bites you! The black bear misses you.
The black bear claws you but does no damage.
You punch the black bear!
The black bear is almost dead.
The black bear bites you. The black bear completely misses you.
The black bear claws you. The black bear bites you.
The black bear barely misses you. The black bear claws you.
You are too injured to fight recklessly!
You are too injured to fight recklessly!
The black bear rages.
The black bear completely misses you. The black bear barely misses you.
The black bear claws you but does no damage.
Things that are here:
a +0 club; 5 stones; 3 gold pieces
As you read the scroll labelled YHIXTY QAUFO, it crumbles to dust.
The creatures around you are filled with an inner flame!
It was a scroll of immolation.
The black bear bites you but does no damage.
The black bear claws you but does no damage.
The black bear barely misses you. The black bear misses you.
The black bear closely misses you. The black bear claws you.
* * * LOW HITPOINT WARNING * * *
You punch the black bear! Lugonu accepts your kill.
The black bear explodes!
The fiery explosion engulfs you!!!
Ouch! That really hurt!
You die...

#.... #.....
#.#!.. ..h #
#.#..###.# .###.
#.#####.#... ...
.!... .........
#.##.#.. ....#.#
#.#[..## #.>#@#
#h.....## #..#)#
##.......# #..#h#
#...(.....
#.<#.####.<.....#
#.....#^.......##
#................
##(...####.#.#.#.
#.#.## .#.# #
#.#.. .. #


You could see a hound (inner flame).

Vanquished Creatures
  A black bear (D:4)
  A water moccasin skeleton (D:4)
  Jessica (D:2)
  A gnoll (D:1)
  An adder (D:3)
  2 worms (D:2)
  3 dart slugs
  An orc (D:3)
  10 ball pythons
  6 endoplasms
  A giant cockroach (D:1)
  10 goblins
  6 hobgoblins
  5 jackals (D:2)
  2 quokkas
  7 bats
  3 frilled lizards
  12 kobolds
  9 rats
82 creatures vanquished.

Vanquished Creatures (others)
  3 plants
3 creatures vanquished.

Grand Total: 85 creatures vanquished

Notes
Turn   | Place    | Note
-------+----------+-------------------------------------------
     0 | D:1      | Deca the Gargoyle Monk began the quest for the Orb.
     0 | D:1      | Reached XP level 1. HP: 14/14 MP: 1/1
    92 | D:1      | Reached XP level 2. HP: 9/19 MP: 2/2
   590 | D:1      | Reached XP level 3. HP: 20/23 MP: 3/3
  1834 | D:2      | Reached XP level 4. HP: 3/29 MP: 4/4
  3242 | D:2      | Noticed Jessica
  3252 | D:2      | Killed Jessica
  3253 | D:2      | Reached skill level 1 in Armour
  3456 | D:3      | Found a shimmering blue altar of Sif Muna.
  3467 | D:3      | Got Tupu Vyc's Introduction to the Hermit's Heritage
  3487 | D:3      | Reached XP level 5. HP: 22/33 MP: 5/5
  3833 | D:3      | Found a faded altar of an unknown god.
  3844 | D:3      | Prayed at the altar of an unknown god.
  3844 | D:3      | Became a worshipper of Lugonu the Unformed
  3844 | D:3      | Reached * piety under Lugonu
  3844 | D:3      | Reached ** piety under Lugonu
  3844 | D:3      | Reached *** piety under Lugonu
  4466 | D:4      | Noticed a black bear
  4514 | D:4      | Killed a black bear
  4514 | D:4      | Killed by an exploding black bear... ignited by their inner
                  | flame

Illustrated notes

Levels and vault maps discovered:
D:1:      nzn_arrival_water_spiral, layout_basic
D:2:      layout_loops_cross, uniq_jessica
D:3:      layout_loops_cross, mainiacjoe_overflow_small_starburst,
          shapermc_ecumenical_altar_mp_ritualfount, minmay_liquid_box
D:4:      layout_loops_ring, general_overflow_altar,
          minmay_temple_entry_overgrown, ebering_dispersal_statue_hall

Skill      XL: |  1  2  3  4  5 |
---------------+----------------+-----
Unarmed Combat | 4 |  4.8
Fighting       | 4 |  4.4
Armour         | 1 2 |  2.0
Dodging        | |  2.8
Stealth        | |  2.1

Action                   |  1- 3 |  4- 6 || total
-------------------------+-------+-------++-------
Melee: Unarmed           |   142 |   149 ||   291
       Punch             |     5 |     4 ||     9
  Use: Potion            |       |     2 ||     2
       Scroll            |       |     1 ||     1
 Stab: Sleeping          |       |     4 ||     4
       Distracted        |       |     1 ||     1
Armor: Robe              |    32 |       ||    32
       Skin              |    10 |     6 ||    16
       Leather armour    |       |    30 ||    30
Dodge: Dodged            |    68 |    84 ||   152
